 Dungeon Crawl Stone Soup version 0.27-a0-978-g2aa4ecdaef (webtiles) character file.

Game seed: 2824623737269051773

35 siradein the Twirler (level 3, -4/27 HPs)
             Began as a Demonspawn Gladiator on Apr 14, 2021.
             Slain by Jessica
             ... wielding a +0 dagger
              (6 damage)
             ... on level 2 of the Dungeon.
             The game lasted 00:03:58 (1005 turns).

siradein the Twirler (Demonspawn Gladiator)         Turns: 1005, Time: 00:03:59

Health: -4/27      AC:  7    Str: 15    XL:     3   Next: 17%
Magic:  3/3        EV: 12    Int:  9    God:
Gold:   20         SH:  0    Dex: 14    Spells: 2/2 levels left

rFire    . . .     SeeInvis .   a - +0 quarterstaff
rCold    . . .     Faith    +   (shield currently unavailable)
rNeg     . . .     Spirit   .   g - +0 scale mail
rPois    .         Reflect  .   c - +0 helmet
rElec    .         Harm     .   (no cloak)
rCorr    .         Rampage  .   (no gloves)
Will     .....                  (no boots)
Stlth    ..........             b - amulet of faith
HPRegen  0.09/turn              (no ring)
MPRegen  0.08/turn              (no ring)

@: no status effects
A: claws 1, repulsion field 1
a: no special abilities


You were on level 2 of the Dungeon.
You visited 1 branch of the dungeon, and saw 2 of its levels.

You collected 20 gold pieces.

Inventory:

Hand Weapons
 a - a +0 quarterstaff (weapon)
Missiles
 d - 3 throwing nets (quivered)
Armour
 c - a +0 helmet (worn)
 g - a +0 scale mail (worn)
Jewellery
 b - an amulet of faith (around neck)
Scrolls
 e - a scroll of enchant armour {unknown}
 f - a scroll of identify {unknown}
 h - a scroll of amnesia {unknown}


   Skills:
 - Level 2.0 Fighting
 + Level 3.9 Staves
 - Level 1.7 Throwing
 - Level 2.6 Dodging


You had 2 spell levels left.
You didn't know any spells.
Your spell library contained the following spells:

 Spells                   Type           Power      Damage    Failure   Level
 Beastly Appendage        Tmut           0%         N/A       86%         1
 Magic Dart               Conj           0%         1d3       86%         1
 Blink                    Tloc           N/A        N/A       95%         2
 Call Imp                 Summ           0%         N/A       95%         2
 Slow                     Hex            0%         N/A       95%         2
 Wereblood                Tmut           0%         N/A       95%         2
 Conjure Flame            Conj/Fire      0%         6-21      99%         3
 Mephitic Cloud           Conj/Pois/Air  0%         N/A       99%         3
 Spider Form              Tmut/Pois      0%         N/A       99%         3
 Ice Form                 Ice/Tmut       0%         N/A       100%        4
 Hydra Form               Tmut           0%         N/A       100%        5


Dungeon Overview and Level Annotations

Branches:
Dungeon (2/15)

Altars:

Annotations:
D:2 Jessica


Innate Abilities, Weirdness & Mutations

You have sharp fingernails.
You are surrounded by a mild repulsion field. (EV +2)


Message History

No target in view!
You open the door.
A worm and 3 gnolls come into view.
The gnoll shouts! x3; You hear a shout!
A bat comes into view.
Jessica the Apprentice Sorceress comes into view.
She is wielding a +0 dagger.
Found 15 stones.
You hit the bat.
The bat is moderately wounded.
The bat misses you.
Jessica shouts, "Stop bothering me, or I'll kill you!"
Jessica mumbles some strange words.
Jessica blinks!
Jessica casts a spell.
Jessica seems to speed up.
You hit Jessica.
Jessica is moderately wounded.
Jessica hits you with a +0 dagger.
You hit Jessica.
Jessica is severely wounded.
Jessica hits you with a +0 dagger. Jessica closely misses you.
The gnoll misses you.
The gnoll hits you from afar with a +0 halberd.
You barely miss Jessica.
Jessica is severely wounded.
Jessica closely misses you. The gnoll hits you with a +0 whip!
Jessica drinks a potion.
Jessica is healed!
You are too injured to fight recklessly!
Jessica hits you but does no damage.
You are too injured to fight recklessly!
Jessica casts a spell.
Jessica blinks!
Jessica barely misses you. Jessica gestures at you while chanting.
Pain shoots through your body!
* * * LOW HITPOINT WARNING * * *
Jessica casts a spell at you. Pain shoots through your body!
* * * LOW HITPOINT WARNING * * *
Jessica hits you with a +0 dagger.
You die...

#.#.#########..### #.#.#
#..#.# #.#.# #..#.#
#.#.##### #..#.#
#.#...).# #..#.# #####
#.#####.#####..#(# #...#
#.......#......#.#
#...###########.####.#.#
#...gb@@...####.# #.#..
#....###...<....# #.###
#....# #.#.###### #.#
#...## #...# #.# ##b##
##### #.# #.# #.# #.#
#.# #.g...w.. ###......


You could see a gnoll, Jessica (fast) and a bat.

Vanquished Creatures
  2 ball pythons (D:1)
  4 giant cockroaches (D:1)
  5 goblins (D:1)
  A hobgoblin (D:1)
  8 jackals (D:1)
  2 quokkas (D:1)
  2 bats
  3 frilled lizards
  4 kobolds (D:1)
  A rat (D:1)
32 creatures vanquished.

Notes
Turn   | Place    | Note
-------+----------+-------------------------------------------
     0 | D:1      | siradein the Demonspawn Gladiator began the quest for the
                  | Orb.
     0 | D:1      | Reached XP level 1. HP: 16/16 MP: 1/1
   206 | D:1      | Reached skill level 3 in Staves
   273 | D:1      | Gained mutation: You have sharp fingernails. [demonic
                  | ancestry]
   273 | D:1      | Reached XP level 2. HP: 22/22 MP: 2/2
   377 | D:1      | Found a faded altar of an unknown god.
   591 | D:1      | Gained mutation: You are surrounded by a mild repulsion
                  | field. (EV +2) [demonic ancestry]
   591 | D:1      | Reached XP level 3. HP: 27/27 MP: 3/3
   991 | D:2      | Noticed Jessica
  1005 | D:2      | Slain by Jessica

Illustrated notes

Levels and vault maps discovered:
D:1:      ncdulo_smallfort, layout_basic,
          hellmonk_ecumenical_altar_pennies_from_heaven
D:2:      minmay_chambers_of_twos, layout_basic, serial_shops, shop,
          hangedman_decor_clover_reticule, uniq_jessica

Skill      XL: |  1 |
---------------+----+-----
Staves         | 3 |  3.9
Fighting       | |  2.0
Throwing       | |  1.7
Dodging        | |  2.6

Action                   || total
-------------------------++-------
Melee: Quarterstaff      ||    77
Armor: Scale mail        ||    19
       Leather armour    ||     5
Dodge: Dodged            ||    50

Table legend: (Time is in decaauts)
 A = Elapsed time spent in this place.
 B = Non-inter-level travel time spent in this place.
 C = Inter-level travel time spent in this place.
 D = Time resting spent in this place.
 E = Time spent auto-exploring this place.
 F = Levels seen in this place.
 G = Mean time per level.
                   A        B        C        D        E       F      G
               +--------+--------+--------+--------+--------+-----+--------+
         Total |   1015 |    996 |     19 |      0 |    758 |   2 |  507.5 |
       Dungeon |   1015 |    996 |     19 |      0 |    758 |   2 |  507.5 |
               +--------+--------+--------+--------+--------+-----+--------+

Top non-repeatable levels by time:
     D:1: 837 daAuts
     D:2: 178 daAuts
